 Dungeon Crawl Stone Soup version 0.29-a0-872-g797fff5ad1 (webtiles) character file.

Game seed: 12474445763481171572

4 Arri the Cudgeller (level 1, 0/18 HPs)
             Began as a Minotaur Gladiator on July 19, 2022.
             Slain by a rat (3 damage)
             ... on level 1 of the Dungeon.
             The game lasted 00:01:38 (148 turns).

Arri the Cudgeller (Minotaur Gladiator)              Turns: 148, Time: 00:01:39

Health: 0/18       AC:  3    Str: 18    XL:     1   Next: 50%
Magic:  0/0        EV: 12    Int:  5    God:
Gold:   40         SH:  0    Dex: 11    Spells: 0/0 levels left

rFire   . . .      SeeInvis .   a - +0 flail
rCold   . . .      Faith    .   (no shield)
rNeg    . . .      Spirit   .   b - +0 leather armour
rPois   .          Reflect  .   c - +0 hat
rElec   .          Harm     .   (no cloak)
rCorr   .          Rampage  .   (no gloves)
Will    .....                   (no boots)
Stlth   +.........              (no amulet)
HPRegen 0.06/turn               (no ring)
MPRegen 0.07/turn               (no ring)

@: no status effects
A: horns 2, retaliatory headbutt
a: no special abilities


You were on level 1 of the Dungeon.
You visited 1 branch of the dungeon, and saw 1 of its levels.

You collected 40 gold pieces.

Inventory:

Hand Weapons
 a - a +0 flail (weapon)
 g - a +0 short sword
Missiles
 d - 3 throwing nets (quivered)
 e - a javelin
Armour
 b - a +0 leather armour (worn)
 c - a +0 hat (worn)
 h - a +0 robe
 j - a +0 robe
Scrolls
 f - a scroll of enchant armour {unknown}
 i - a scroll of teleportation {unknown}


   Skills:
 + Level 2.4 Fighting
 + Level 3.7 Maces & Flails
 + Level 2.0 Throwing
 + Level 3.4 Dodging


You couldn't memorise any spells.
You didn't know any spells.
Your spell library contained the following spells:

 Spells                   Type           Power      Damage    Failure   Level
 Blade Hands              Tmut           0%         N/A       100%        5
 Irradiate                Conj/Tmut      0%         3d11      100%        5
 Dragon Form              Tmut           0%         N/A       100%        7


Dungeon Overview and Level Annotations

Branches:
Dungeon (1/15)

Altars:


Innate Abilities, Weirdness & Mutations

You have a pair of horns on your head.
You reflexively headbutt those who attack you in melee.


Message History

You kill the hobgoblin!
You sock the rat!
You kill the rat!
You hit the ball python.
You kill the ball python!
Things that are here:
a ball python corpse; a rat corpse You now have 40 gold pieces (gained 11).
f - a scroll labelled CELOL WEULAESY You see here a +0 short sword.
You see here a +0 short sword.
g - a +0 short sword
Found a robe.
You see here a +0 robe.
h - a +0 robe
i - a scroll labelled JUCKUU MOXA
Found a book of Transfigurations.
You pick up a book of Transfigurations and begin reading...
You add the spells Irradiate, Blade Hands and Dragon Form to your library.
Found a robe.
Found 2 gold pieces.
You see here a +0 robe.
j - a +0 robe A rat and a hobgoblin come into view.
The hobgoblin shouts!
A bat comes into view.
A goblin comes into view. It is wielding a +0 club.
The bat barely misses you. The bat hits you but does no damage.
The goblin hits you with a +0 club. The hobgoblin closely misses you.
You hit the hobgoblin but do no damage. Your headbutt misses the hobgoblin.
The bat misses you. The bat closely misses you.
The goblin hits you with a +0 club. The hobgoblin hits you. The rat bites you.
The bat hits you but does no damage.
You barely miss the rat. The bat closely misses you. The bat hits you.
The goblin hits you with a +0 club. The hobgoblin hits you.
* * * LOW HITPOINT WARNING * * *
The rat barely misses you. The goblin hits you but does no damage.
The rat bites you.
You die...

#### ...####
###.......
#.......#.
#.........
######.g.....#
#......@r..#
#.#.##gb...#
#.###.##.# #
#.# #.##.#
#.#.# #.##.#
.#.# #.##.# ..
..# #.##.#
.... . #.#
#.##.# #..# #
#.###....#
#..# #


You could see a hobgoblin, a goblin, a bat and a rat.

Vanquished Creatures
  2 hobgoblins (D:1)
  A ball python (D:1)
  A rat (D:1)
4 creatures vanquished.

Notes
Turn   | Place    | Note
-------+----------+-------------------------------------------
     0 | D:1      | Arri the Minotaur Gladiator began the quest for the Orb.
     0 | D:1      | Reached XP level 1. HP: 18/18 MP: 0/0
   148 | D:1      | Slain by a rat

Illustrated notes

Levels and vault maps discovered:
D:1:      onia_arrival_pyramid, layout_loops_ring,
          shapermc_ecumenical_altar_hornbeckon

Action                   || total
-------------------------++-------
Melee: Flail             ||     5
Armor: Leather armour    ||     3
Dodge: Dodged            ||    11

Table legend: (Time is in decaauts)
 A = Elapsed time spent in this place.
 B = Non-inter-level travel time spent in this place.
 C = Inter-level travel time spent in this place.
 D = Time resting spent in this place.
 E = Time spent auto-exploring this place.
 F = Levels seen in this place.
 G = Mean time per level.
                   A        B        C        D        E       F      G
               +--------+--------+--------+--------+--------+-----+--------+
         Total |    148 |    148 |      0 |      0 |      0 |   1 |  148.0 |
       Dungeon |    148 |    148 |      0 |      0 |      0 |   1 |  148.0 |
               +--------+--------+--------+--------+--------+-----+--------+

Top non-repeatable levels by time:
     D:1: 148 daAuts
